 Dungeon Sprint DCSS version 0.23.2-1-ga50397a (webtiles) character file.

Game seed: 17118744253492683179

133 dhn the Covered (level 4, -11/47 HPs)
             Began as a Minotaur Fighter on Apr 14, 2019.
             Splashed by an oklob sapling wizard's acid (15 damage)
             ... in the Dungeon (Sprint IV: "Fedhas' Mad Dash").
             The game lasted 00:01:05 (867 turns).

dhn the Covered (Minotaur Fighter)                   Turns: 867, Time: 00:01:08

Health: -11/47     AC:  4    Str: 21    XL:     4   Next: 94%
Magic:  1/3        EV:  8    Int:  6    God:
Gold:   71         SH: 10    Dex:  9    Spells: 3/3 levels left

rFire    . . .     SeeInvis .   a - +0 war axe
rCold    . . .     Gourm    .   c - +0 shield
rNeg     . . .     Faith    .   b - +0 scale mail
rPois    .         Spirit   .   (helmet restricted)
rElec    .         Reflect  .   (no cloak)
rCorr    .         Harm     .   (no gloves)
MR       .....     NoTele   +   (no boots)
Stlth    ..........             m - amulet of invisibility {+Inv}
HPRegen  0.15/turn              (no ring)
MPRegen  0.08/turn              (no ring)

@: corroded, very slightly contaminated, invisible
A: retaliatory headbutt, horns 2
a: no special abilities


You were in the Dungeon.
You were hungry.

You visited 1 branch You collected 71 gold pieces.

Inventory:

Hand Weapons
 a - a +0 war axe (weapon)
Armour
 b - a +0 scale mail (worn)
 c - a +0 shield (worn)
Jewellery
 m - the amulet of invisibility (around neck) {+Inv}
   (You found it in the Dungeon)

   [amulet of nothing]

   It lets you turn invisible.
Scrolls
 k - a scroll of blinking
 l - a scroll of magic mapping {unknown}
Potions
 d - a potion of might
 e - a potion of curing
 g - a potion of heal wounds
 h - a potion of haste
 i - 2 potions of magic
 j - a potion of berserk rage
Comestibles
 f - a ration


   Skills:
 + Level 7.0 Fighting
 + Level 5.4 Axes
 + Level 7.5 Armour
 + Level 6.6 Shields
 + Level 1.1 Evocations


You had 3 spell levels left.
You didn't know any spells.
Your spell library was empty.

Dungeon Overview and Level Annotations

Branches:
Dungeon (1/1)

Altars:
Cheibriados
Dithmenos
Elyvilon
Gozag
Hepliaklqana
Kikubaaqudgha
Makhleb
Nemelex Xobeh
Okawaru
Qazlal
Ru
Sif Muna
Trog
Uskayaw
Vehumet
Wu Jian
Xom
Yredelemnul
Zin
The Shining One
Beogh
Jiyva
Lugonu

Annotations:
D exclusion: oklob sapling


Innate Abilities, Weirdness & Mutations

You reflexively headbutt those who attack you in melee.
You have a pair of horns on your head.


Message History

You fail to use your ability.
You fade into invisibility!
You are very lightly contaminated with residual magic.
You are feeling hungry.
You open the door.
There is an open door here.
The oklob sapling wizard spits acid at you.
The splash of acid hits you!
You are splashed with acid!
You slash the oklob sapling wizard!
The oklob sapling wizard is heavily damaged.
The oklob sapling wizard spits acid at you.
The splash of acid hits you! The acid corrodes you!
You are splashed with acid!
* * * LOW HITPOINT WARNING * * *
You slash the oklob sapling wizard!
The oklob sapling wizard is almost destroyed.
The oklob sapling wizard spits acid at you.
The splash of acid hits you.
* * * LOW HITPOINT WARNING * * *
You are splashed with acid!
You die...

###################
.#.⌠._._._._.⌠.#.:+
.'.._._._._._..'@P#
.#..._._._._...#..#
##.._._._._._..#.(#
.#._._._._._.⌠.####
.############### ##


You could see an oklob sapling wizard.

Vanquished Creatures
  3 oklob saplings (D)
  A worker ant (D)
  A river rat (D)
  A rat (D)
6 creatures vanquished.

Notes
Turn   | Place    | Note
-------+----------+-------------------------------------------
     0 | D        | dhn the Minotaur Fighter began the quest for the Orb.
     0 | D        | Reached XP level 1. HP: 19/19 MP: 0/0
    13 | D        | Reached XP level 2. HP: 9/28 MP: 1/1
   225 | D        | Noticed an oklob sapling
   227 | D        | Killed an oklob sapling
   227 | D        | Reached skill level 5 in Fighting
   227 | D        | Reached skill level 5 in Armour
   227 | D        | Reached skill level 5 in Shields
   227 | D        | Reached XP level 3. HP: 36/36 MP: 2/2
   231 | D        | Found the amulet of invisibility {+Inv}
   258 | D        | Found an opulent altar of Gozag.
   258 | D        | Found a hazy altar of Hepliaklqana.
   258 | D        | Found a burning altar of Makhleb.
   258 | D        | Found a roughly hewn altar of Beogh.
   258 | D        | Found a sparkling altar of Nemelex Xobeh.
   258 | D        | Found a snail-covered altar of Cheibriados.
   258 | D        | Found a sacrificial altar of Ru.
   258 | D        | Found a deep blue altar of Sif Muna.
   258 | D        | Found a shimmering altar of Xom.
   258 | D        | Found a basalt altar of Yredelemnul.
   259 | D        | Found a viscous altar of Jiyva.
   259 | D        | Found a bloodstained altar of Trog.
   259 | D        | Found an ornate altar of the Wu Jian Council.
   259 | D        | Noticed an oklob sapling priest
   392 | D        | Noticed an oklob sapling
   547 | D        | Killed an oklob sapling
   547 | D        | Reached XP level 4. HP: 45/45 MP: 0/3
   641 | D        | Found an iron altar of Okawaru.
   641 | D        | Found a shadowy altar of Dithmenos.
   641 | D        | Found a glowing silver altar of Zin.
   642 | D        | Found an ancient bone altar of Kikubaaqudgha.
   642 | D        | Found a hide-covered altar of Uskayaw.
   643 | D        | Found a stormy altar of Qazlal.
   643 | D        | Found a white marble altar of Elyvilon.
   643 | D        | Found a glowing golden altar of the Shining One.
   644 | D        | Found a corrupted altar of Lugonu.
   644 | D        | Found a radiant altar of Vehumet.
   649 | D        | Reached skill level 5 in Axes
   649 | D        | Reached skill level 1 in Evocations
   867 | D        | Splashed by an oklob sapling wizard's acid

Skill      XL: |  1  2  3  4 |
---------------+-------------+-----
Fighting       | 4 5 6 7 |  7.0
Axes           | 3 4 5 |  5.4
Armour         | 4 5 6 7 |  7.5
Shields        | 4 5 6 |  6.6
Evocations     | 1 |  1.1

Action                   |  1- 3 |  4- 6 || total
-------------------------+-------+-------++-------
Melee: War axe           |    11 |     5 ||    16
       Headbutt          |     2 |     1 ||     3
 Abil: Evoke Invisibilit |     1 |     2 ||     3
Armor: Scale mail        |     3 |       ||     3
Dodge: Dodged            |     3 |       ||     3
Block: Shield            |     4 |       ||     4
